 Dungeon Crawl Stone Soup version 0.30.1-9-gdf580d7c3d (webtiles) character file.

Game seed: 5538236976083047954

148000 Zonian the Eclecticist (level 16, -18/92 HPs)
             Began as a Deep Elf Ice Elementalist on Oct 6, 2023.
             Was an Initiate of Gozag.
             Demolished by a naga warrior
             ... wielding a +0 battleaxe
              (26 damage)
             ... on level 3 of the Snake Pit on Oct 7, 2023.
             The game lasted 03:37:16 (50172 turns).

Zonian the Eclecticist (Deep Elf Ice Elementalist) Turns: 50172, Time: 03:37:20

Health: -18/92     AC: 16    Str:  5    XL:     16   Next: 93%
Magic:  25/37      EV: 20    Int: 35    God:    Gozag
Gold:   1520       SH:  0    Dex: 15    Spells: 5/46 levels left

rFire   + . .        F - +5 rapier (venom)
rCold   + . .        a - orb {*channel}
rNeg    . . .        G - +2 leather armour {rC+}
rPois   .            B - +1 helmet
rElec   +            L - +2 cloak {Will+}
rCorr   +            V - +2 pair of gloves
SInv    .            c - +2 pair of boots {Stlth+}
Will    +....        y - amulet of regeneration
Stlth   +++++        N - +5 ring of evasion
HPRegen 1.15/turn    M - ring of the Shouting Gods {rElec rF+ Will- rCorr Int+6}
MPRegen 0.25/turn

%: channel magic (20%)
@: lethally poisoned (-18 -> -42), swift, about to teleport, quick
A: no striking features
a: Renounce Religion, Potion Petition, Call Merchant, Bribe Branch


You were on level 3 of the Snake Pit.
You worshipped Gozag.
Gozag was most pleased with you.
You visited 4 branches of the dungeon, and saw 25 of its levels.
You visited 1 bazaar.
You also visited: Ossuary and Ice Cave.

You collected 9574 gold pieces.
You spent 4978 gold pieces at shops.
You paid 3076 gold pieces to Gozag.

Inventory:

Hand Weapons
 f - a +4 shortbow of flaming
 p - a +3 whip of flaming
 F - a +5 rapier of venom (weapon)
 I - the +3 dagger of Fedhas's Displeasure {speed, rN+++}
   (You found it on level 10 of the Dungeon)

   rN:        It renders you almost immune to negative energy.
 R - a +5 dagger of flaming
Missiles
 m - 21 boomerangs
 u - 2 datura-tipped darts
 z - 4 throwing nets
 E - 17 javelins
Armour
 a - an orb of energy (worn)
 c - a +2 pair of boots of stealth (worn)
 B - a +1 helmet (worn)
 G - a +2 leather armour of cold resistance (worn)
 L - a +2 cloak of willpower (worn)
 V - a +2 pair of gloves (worn)
Jewellery
 s - a +6 ring of dexterity
 t - a ring of magical power
 v - a ring of flight
 w - a +6 ring of dexterity
 y - an amulet of regeneration (around neck)
 J - a ring of ice
 M - the ring of the Shouting Gods (right hand) {rElec rF+ Will- rCorr Int+6}
   (You bought it in a shop in a bazaar)

   [ring of intelligence]

   Int:       It affects your intelligence (+6).
   rF:        It protects you from fire.
   rElec:     It insulates you from electricity.
   rCorr:     It protects you from acid and corrosion.
   Will:      It decreases your willpower.
 N - a +5 ring of evasion (left hand)
 T - a +5 ring of evasion
 W - a ring of wizardry
 X - a ring of see invisible
Wands
 k - a wand of digging (4)
 q - a wand of acid (3)
 x - a wand of polymorph (20)
 O - a wand of flame (25)
 P - a wand of iceblast (7)
 Y - a wand of paralysis (8)
Scrolls
 d - 10 scrolls of teleportation
 i - a scroll of poison
 l - 3 scrolls of vulnerability
 r - 9 scrolls of blinking
 C - 3 scrolls of magic mapping
 D - 2 scrolls of fog
 H - 4 scrolls of identify
 K - a scroll of summoning
 U - 3 scrolls of fear
Potions
 b - 2 potions of magic
 e - 4 potions of berserk rage
 g - 4 potions of might
 h - a potion of curing
 j - 8 potions of brilliance
 n - 2 potions of resistance
 o - 3 potions of flight
 Q - a potion of haste
Miscellaneous
 A - a phantom mirror
 S - a tin of tremorstones (2/2)
 Z - a lightning rod (4/4)


   Skills:
 + Level 7.1 Fighting
 - Level 11.1 Short Blades
 - Level 9.4 Dodging
 - Level 10.4 Stealth
 + Level 15.6 Spellcasting
 + Level 10.6 Conjurations
 + Level 9.8 Hexes
 - Level 10.2 Summonings
 + Level 0.1 Transmutations
 + Level 2.1 Fire Magic
 - Level 13.0 Ice Magic
 + Level 9.1 Air Magic
 - Level 8.4 Poison Magic
 - Level 7.1 Evocations


You had 5 spell levels left.
You knew the following spells:

 Your Spells              Type           Power      Damage    Failure   Level
a - Freeze                Ice            100%       1d10      1%          1
b - Frozen Ramparts       Ice            100%       1d16      1%          3
c - Ozocubu's Armour      Ice            87%        N/A       1%          3
d - Summon Ice Beast      Ice/Summ       83%        N/A       2%          4
e - Call Canine Familiar  Summ           78%        N/A       1%          3
f - Call Imp              Summ           100%       N/A       1%          2
g - Mephitic Cloud        Conj/Pois/Air  75%        N/A       1%          3
h - Ensorcelled Hibernat  Hex/Ice        100%       N/A       1%          2
i - Summon Mana Viper     Hex/Summ       78%        N/A       5%          5
j - Fulminant Prism       Conj/Hex       39%        3d17      3%          4
k - Swiftness             Air            74%        N/A       1%          3
l - Freezing Cloud        Conj/Ice/Air   40%        6-21      4%          5
m - Ignite Poison         Fire/Tmut/Pois 51%        N/A       7%          3

Your spell library contained the following spells:

 Spells                   Type           Power      Damage    Failure   Level
 Magic Dart               Conj           100%       1d8       1%          1
 Poisonous Vapours        Pois/Air       100%       N/A       1%          2
 Cigotuvi's Dreadful Rot  Necr/Pois/Air  100%       N/A       2%          2
 Portal Projectile        Hex/Tloc       100%       N/A       4%          3
 Spider Form              Tmut/Pois      55%        N/A       6%          3
 Sticky Flame             Conj/Fire      64%        2d8       7%          4
 Animate Armour           Summ/Erth      100%       N/A       10%         4
 Iskenderun's Mystic Bla  Conj/Tloc      59%        2d12      10%         4
 Anguish                  Hex/Necr       29%        N/A       11%         4
 Leda's Liquefaction      Hex/Erth       29%        N/A       11%         4
 Passwall                 Tmut/Erth      22%        N/A       12%         2
 Volatile Blastmotes      Fire/Tloc      70%        2d15      13%         3
 Summon Forest            Summ/Tloc      29%        N/A       21%         5
 Blade Hands              Tmut           14%        N/A       73%         5
 Lee's Rapid Deconstruct  Erth           13%        3d9*      75%         5
 Summon Cactus Giant      Summ           39%        N/A       16%         6
 Iron Shot                Conj/Erth      29%        9d6       61%         6
 Ignition                 Fire           21%        3d8       100%        8


Dungeon Overview and Level Annotations

Branches:
Dungeon (15/15)            Temple (0/1) D:4            Lair (5/5) D:10
 Shoals (0/4) Lair:2        Snake (3/4) Lair:3        Slime (0/5) Lair:5
    Orc (2/2) D:12            Elf (0/3) Orc:2        Vaults (0/5) D:14
 Depths (0/4) D:15        Ossuary (visited)           IceCv (visited)

Altars:
Cheibriados
Fedhas
Gozag
Hepliaklqana
Kikubaaqudgha
Okawaru
Trog
Wu Jian
Jiyva
Lugonu

Shops:
D:1 [   D:3 ([::=   D:5 !   D:10 :   D:15 *   Orc:2 *[*?   Snake:2 ?

Portals:
Abyss: Lair:5

Annotations:
D:2 exclusion: scorpion
D:7 2 transporters, Ironcache's ghost, amateur SpHu
D:13 1 exclusion, Rupert


Message History

Blink to where?
Press: ? - help, Dir - move target Your icy armour and frozen ramparts will break if you move.
Continue?
You escape the naga's grasp.
Your icy armour cracks and falls away as you move.
The frozen ramparts melt away as you move.
A naga warrior comes into view. It is wielding a +0 flail.
As you read the scroll of blinking, it crumbles to dust.
The guardian serpent casts a spell at you.
The bolt of poison hits you but does no damage.
You are poisoned.
Something hits your ice beast!! Something barely misses your ice beast.
Your ice beast hits the naga but does no damage.
The naga warrior shouts!
As you read the scroll of teleportation, it crumbles to dust.
You feel strangely unstable.
You feel very sick.
The guardian serpent casts a spell at you.
The naga blinks into view!
The naga warrior blinks into view!
The naga blinks!
Unknown command.
Casting: Ozocubu's Armour (safe; 1% risk of failure)
Confirm with . or Enter, or press ? or * to list all spells.
You feel quick.
You feel sick. The naga spits poison at you. The splash of poison misses you.
The naga spits poison at you.
The splash of poison hits you but does no damage.
You are more poisoned.
The naga warrior spits poison at you. The splash of poison hits you!
You are more poisoned.
* * * LOW HITPOINT WARNING * * *
The guardian serpent casts a spell at you.
The bolt of poison hits you!
You are lethally poisoned!
* * * LOW HITPOINT WARNING * * *
The bolt of poison hits the naga warrior!
The naga warrior hits you with a +0 battleaxe!!
You die...
Your body crumbles into a pile of gold.

#..#...........#......##
#........#..#####.....##
#........##..# #......##
..###....###.# ##.......#
#.# ...[.###..##N......##
#.##......###..........####
#..........#........###...#
'............##N.N.## #.###
###.######...##N@.## ###
###.# #......# ## ##.##
#......# .. #.#.###
##.S..#..###.
.#....#####.....###...#
.#..#...#Y.....## #.#.##
...####........#####.##.##
....# ##N§#......##.####.#
###.## #N...#...........##


You could see 2 naga warriors, a guardian serpent, 2 nagas and a friendly ice
beast (summoned).

Vanquished Creatures
  Donald (Orc:2)
  A frost giant (D:15)
  A green death (Snake:2)
  3 hydras
  Fannar (D:10)
  A catoblepas (Lair:5)
  8 boulder beetles
  12 anacondas
  A death knight (D:13)
  4 centaur warriors
  4 two-headed ogres
  6 naga warriors
  2 tengu warriors (D:15)
  5 naga sharpshooters
  5 shock serpents
  2 thrashing horrors (Lair:5)
  A sea snake (Snake:1)
  A wizard (D:14)
  9 naga ritualists
  Pikel (D:5)
  10 mana vipers
  A necromancer (Lair:4)
  4 orc sorcerers (Orc:2)
  4 salamanders
  2 deep elf pyromancers
  15 ugly things
  6 manticores
  6 cyclopes
  12 elephants
  31 black mambas
  3 guardian serpents
  A smoke demon (Lair:5)
  9 cane toads
  9 naga magi
  An unseen horror (D:10)
  3 komodo dragons
  2 yaktaurs (D:15)
  3 kobold demonologists
  A tengu conjurer (D:14)
  An ancient zyme (Lair:5)
  A meliai (shapeshifter) (Lair:5)
  5 trolls
  A wolf spider simulacrum (D:14)
  25 blink frogs
  20 slime creatures
  Sigmund (D:5)
  A ynoxinul (Lair:5)
  3 wraiths
  4 basilisks
  3 wyverns
  21 yaks
  A chaos spawn (Lair:5)
  6 vampire mosquitoes
  6 wargs
  16 nagas
  13 water moccasins
  3 acid dragons
  14 orc warriors
  A black bear (shapeshifter) (Lair:5)
  A sky beast (D:8)
  A black bear (Lair:1)
  An elephant zombie (Lair:4)
  A boggart (D:11)
  9 centaurs
  An ogre (Orc:1)
  5 wolves
  2 lemures (D:5)
  A phantom (D:5)
  4 kobold brigands
  A komodo dragon zombie (Lair:4)
  An elf zombie (Ossuary)
  7 bullfrogs
  A scorpion (D:6)
  15 wights
  11 killer bees
  10 howler monkeys
  An electric eel (Lair:4)
  A centaur zombie (Ossuary)
  4 small abominations (Lair:5)
  3 hounds
  15 orc priests
  2 gnoll boudas
  3 jellies
  A human zombie (Ossuary)
  Natasha (thrice) (D:3)
  4 iguanas
  25 orc wizards
  2 mummies (Ossuary)
  19 gnolls
  7 adders
  A shadow imp (D:5)
  4 white imps
  2 ufetubi (D:6)
  A dart slug (D:5)
  54 orcs
  2 ball pythons
  8 endoplasms
  4 giant cockroaches
  3 goblins
  8 hobgoblins
  A jackal (D:3)
  13 kobolds
  3 quokkas
  7 bats
  4 frilled lizards
  4 goblin zombies
  14 hobgoblin zombies (Ossuary)
  A jackal zombie (Ossuary)
  5 kobold zombies (Ossuary)
  7 orc zombies (Ossuary)
  5 rats
  4 rat zombies
655 creatures vanquished.

Vanquished Creatures (collateral kills)
  A green death (Snake:2)
  A hydra (Lair:4)
  An ice dragon (Lair:4)
  A centaur warrior (D:15)
  An anaconda (Snake:3)
  2 two-headed ogres
  A naga warrior (Snake:3)
  An orc high priest (Orc:2)
  A shock serpent (Snake:1)
  2 thrashing horrors (Lair:5)
  A swamp dragon (shapeshifter) (Lair:5)
  3 naga ritualists
  An orc knight (Orc:1)
  An orc sorcerer (Orc:2)
  2 mana vipers (Snake:3)
  6 ugly things
  An elephant (Lair:4)
  A guardian serpent (Snake:3)
  6 black mambas
  3 smoke demons (Lair:5)
  A gargoyle (D:13)
  2 cane toads
  2 yaktaurs (D:15)
  A rime drake (Lair:4)
  An ancient zyme (Lair:5)
  A wind drake (Lair:2)
  9 blink frogs
  A troll (D:10)
  3 slime creatures
  2 vampires
  A wraith (D:12)
  2 wyverns (D:10)
  8 yaks
  Grum (Lair:1)
  4 basilisks
  A vampire mosquito (D:11)
  5 nagas
  2 wargs
  A water moccasin (D:10)
  8 orc warriors
  A centaur (D:15)
  An elephant zombie (Lair:4)
  9 wolves
  A gnoll sergeant (Orc:1)
  2 bullfrogs
  5 small abominations (Lair:5)
  A howler monkey (D:10)
  A basilisk zombie (Lair:4)
  7 orc priests
  An iguana (D:10)
  10 orc wizards
  A troll simulacrum (IceCv)
  4 gnolls (Orc:1)
  An ufetubus (IceCv)
  10 orcs
  3 hobgoblins (D:15)
  A kobold (D:12)
  A butterfly (Lair:2)
153 creatures vanquished.

Vanquished Creatures (others)
  A small abomination (Lair:5)
  9 fulminant prisms
10 creatures vanquished.

Grand Total: 818 creatures vanquished

Notes
Turn   | Place    | Note
-------+----------+-------------------------------------------
     0 | D:1      | Zonian the Deep Elf Ice Elementalist began the quest for
                  | the Orb.
     0 | D:1      | Reached XP level 1. HP: 10/10 MP: 6/6
   147 | D:1      | Found Arghuti's Antique Armour Emporium.
   231 | D:1      | Reached XP level 2. HP: 15/15 MP: 6/8
   873 | D:2      | Reached XP level 3. HP: 16/19 MP: 7/10
   899 | D:2      | Found an opulent altar of Gozag.
  1041 | D:2      | Became a worshipper of Gozag Ym Sagoz the Greedy
  1410 | D:2      | Learned a level 3 spell: Frozen Ramparts
  1414 | D:2      | Learned a level 3 spell: Ozocubu's Armour
  1571 | D:2      | Noticed a scorpion
  1787 | D:3      | Found Jipnesh's Jewellery Shoppe.
  2030 | D:3      | Reached XP level 4. HP: 23/24 MP: 5/11
  2311 | D:3      | Reached skill level 4 in Spellcasting
  2374 | D:3      | Found Gane's Book Shoppe.
  2391 | D:3      | Found Fesof's Book Emporium.
  2445 | D:3      | Found Qora's Armour Shop.
  2736 | D:3      | Reached skill level 5 in Ice Magic
  2820 | D:3      | Noticed Natasha
  3026 | D:3      | Killed Natasha
  3287 | D:3      | Reached XP level 5. HP: 4/28 MP: 7/13
  3607 | D:3      | Noticed Natasha
  3612 | D:3      | Killed Natasha
  3660 | D:3      | Found Mielyoh's Antique Weapon Shoppe.
  3665 | D:3      | Noticed Natasha
  3674 | D:3      | Killed Natasha
  4155 | D:4      | Found a sand-covered staircase.
  4188 | Ossuary  | Entered an ossuary
  4631 | Ossuary  | Reached XP level 6. HP: 29/32 MP: 15/15
  4780 | Ossuary  | Reached skill level 5 in Spellcasting
  4793 | Ossuary  | Reached skill level 5 in Stealth
  5486 | D:4      | Found a staircase to the Ecumenical Temple.
  6156 | D:4      | Found an iron altar of Okawaru.
  6314 | D:5      | Entered Level 5 of the Dungeon
  6716 | D:5      | Found Podgho Qazxo's Distillery.
  6724 | D:5      | Bought a potion of curing for 33 gold pieces
  6724 | D:5      | Bought a potion of curing for 33 gold pieces
  6724 | D:5      | Bought a potion of might for 44 gold pieces
  6798 | D:5      | Reached XP level 7. HP: 32/36 MP: 13/17
  6833 | D:5      | Reached skill level 6 in Spellcasting
  7029 | D:5      | Noticed Sigmund
  7130 | D:5      | Noticed Pikel
  7144 | D:5      | Killed Pikel
  7145 | D:5      | Reached skill level 7 in Spellcasting
  7145 | D:5      | Reached XP level 8. HP: 24/41 MP: 12/21
  7424 | D:5      | Killed Sigmund
  7425 | D:5      | Reached skill level 8 in Spellcasting
  7602 | D:5      | Reached skill level 9 in Spellcasting
  7761 | D:5      | Found a bloodstained altar of Trog.
  8286 | D:6      | Found an ornate altar of the Wu Jian Council.
  8304 | D:6      | Reached skill level 10 in Spellcasting
  9099 | D:6      | Learned a level 4 spell: Summon Ice Beast
  9476 | D:7      | Reached skill level 1 in Summonings
  9476 | D:7      | Reached XP level 9. HP: 45/45 MP: 25/25
  9479 | D:7      | Found a transporter.
  9885 | D:7      | Noticed Ironcache's ghost (amateur SpHu)
 10040 | D:7      | Found a transporter.
 11042 | D:8      | Found a blossoming altar of Fedhas.
 11044 | D:8      | Found an ancient bone altar of Kikubaaqudgha.
 11092 | D:8      | Reached skill level 10 in Ice Magic
 11407 | D:8      | Reached skill level 11 in Spellcasting
 11466 | D:8      | Learned a level 3 spell: Call Canine Familiar
 11469 | D:8      | Learned a level 2 spell: Call Imp
 12415 | D:8      | Reached skill level 5 in Summonings
 12791 | D:9      | Reached XP level 10. HP: 48/50 MP: 24/27
 12827 | D:9      | Reached skill level 12 in Spellcasting
 14433 | D:9      | Found a snail-covered altar of Cheibriados.
 14885 | D:10     | Entered Level 10 of the Dungeon
 15236 | D:3      | Bought a +1 leather armour of cold resistance for 182 gold
                  | pieces
 15377 | D:10     | Found Qinnowi's Book Shop.
 15392 | D:10     | Reached skill level 1 in Short Blades
 15657 | D:10     | Identified the +3 dagger of Fedhas's Displeasure {speed,
                  | rN+++}
 15791 | D:10     | Found a staircase to the Lair.
 15855 | D:10     | Noticed Fannar
 15888 | D:10     | Killed Fannar
 15889 | D:10     | Reached skill level 13 in Spellcasting
 15927 | D:10     | Noticed a two-headed ogre
 15968 | D:10     | Killed a two-headed ogre
 16600 | D:10     | Reached XP level 11. HP: 54/54 MP: 30/30
 16608 | D:10     | Learned a level 3 spell: Mephitic Cloud
 16695 | Lair:1   | Entered Level 1 of the Lair of Beasts
 17182 | Lair:1   | Reached skill level 1 in Conjurations
 17182 | Lair:1   | Reached skill level 1 in Poison Magic
 17326 | Lair:1   | Reached skill level 1 in Air Magic
 17710 | Lair:1   | Noticed Grum
 17724 | Lair:1   | Killed Grum
 17988 | Lair:1   | Noticed a boulder beetle
 18014 | Lair:1   | Killed a boulder beetle
 18671 | Lair:2   | Learned a level 2 spell: Ensorcelled Hibernation
 18773 | Lair:2   | Reached skill level 5 in Short Blades
 18987 | Lair:2   | Found a frozen archway.
 18996 | IceCv    | Entered an ice cave
 19145 | Lair:2   | Reached skill level 14 in Spellcasting
 19363 | Lair:2   | Found a staircase to the Shoals.
 19689 | Lair:2   | Reached XP level 12. HP: 59/59 MP: 26/32
 20113 | D:5      | Bought a potion of experience for 550 gold pieces
 20113 | D:5      | Reached skill level 10 in Short Blades
 20113 | D:5      | Reached XP level 13. HP: 63/63 MP: 33/33
 20978 | Lair:3   | Found a staircase to the Snake Pit.
 21303 | Lair:4   | Identified the +3 great sword of Forgiveness {freeze, rN+
                  | Str-5 Int+2 Dex+6}
 22037 | Lair:4   | Reached skill level 5 in Poison Magic
 22040 | Lair:4   | Reached skill level 5 in Conjurations
 23043 | Lair:5   | Entered Level 5 of the Lair of Beasts
 23109 | Lair:5   | Reached skill level 1 in Fighting
 23257 | Lair:5   | Found a staircase to the Slime Pits.
 23286 | Lair:5   | HP: 1/64 [cane toad (18)]
 23548 | Lair:5   | Reached skill level 5 in Air Magic
 24163 | Lair:5   | Reached XP level 14. HP: 72/72 MP: 34/34
 24542 | Lair:5   | Learned a level 5 spell: Summon Mana Viper
 24610 | Lair:5   | Reached skill level 10 in Summonings
 24782 | Lair:5   | Reached skill level 1 in Hexes
 24850 | Lair:5   | Found a corrupted altar of Lugonu.
 24850 | Lair:5   | Found a one-way gate to the infinite horrors of the Abyss.
 25359 | Lair:5   | Found a viscous altar of Jiyva.
 26782 | D:11     | Reached skill level 5 in Dodging
 27152 | D:1      | Bought a pair of embroidered gloves for 172 gold pieces
 28813 | D:12     | Reached skill level 1 in Evocations
 28864 | D:12     | Found a staircase to the Orcish Mines.
 28902 | D:12     | Identified the staff of cold "Guotifush" {rC+ Will+}
 30048 | D:12     | HP: 1/76 [large slime creature (34)]
 30593 | D:13     | Learned a level 4 spell: Fulminant Prism
 31148 | D:13     | Noticed Rupert
 31294 | D:13     | Reached skill level 5 in Hexes
 31843 | D:14     | Found a hazy altar of Hepliaklqana.
 32026 | D:14     | Found a gate to the Vaults.
 32192 | D:14     | Reached XP level 15. HP: 80/80 MP: 28/35
 33166 | D:14     | Reached skill level 5 in Fighting
 34525 | D:15     | Entered Level 15 of the Dungeon
 35474 | D:15     | Found a bloodstained altar of Trog.
 36066 | D:15     | Found Bosauro's General Store.
 36071 | D:15     | Bought a wand of iceblast (6) for 187 gold pieces
 36702 | D:15     | Found a staircase to the Depths.
 36702 | D:15     | Noticed a frost giant
 36718 | D:15     | Killed a frost giant
 37267 | Orc:1    | Entered Level 1 of the Orcish Mines
 37661 | Orc:2    | Entered Level 2 of the Orcish Mines
 37879 | Orc:2    | Found a staircase to the Elven Halls.
 37907 | Orc:2    | Noticed Donald
 38246 | Orc:2    | Killed Donald
 38595 | Orc:2    | Reached skill level 5 in Evocations
 40036 | Orc:2    | Found Binol's General Store.
 40036 | Orc:2    | Found Tefi's Magic Scroll Shop.
 40037 | Orc:2    | Found Demu's Armour Boutique.
 40040 | Orc:2    | Found Poblor's General Store.
 40044 | Orc:2    | Bought a scroll of blinking for 112 gold pieces
 40044 | Orc:2    | Bought a scroll of fog for 60 gold pieces
 40044 | Orc:2    | Bought a scroll of teleportation for 45 gold pieces
 40044 | Orc:2    | Bought a scroll of enchant weapon for 112 gold pieces
 40044 | Orc:2    | Bought a scroll of blinking for 112 gold pieces
 40055 | Orc:2    | Bought a potion of heal wounds for 60 gold pieces
 40055 | Orc:2    | Bought a potion of might for 48 gold pieces
 40055 | Orc:2    | Bought a potion of curing for 36 gold pieces
 40055 | Orc:2    | Bought a scroll of teleportation for 36 gold pieces
 41254 | D:3      | Bought a book of Burglary for 280 gold pieces
 41258 | D:3      | Learned a level 3 spell: Swiftness
 41258 | D:3      | Bought a book of Vapours for 364 gold pieces
 41264 | D:3      | Learned a level 5 spell: Freezing Cloud
 41496 | Snake:1  | Entered Level 1 of the Snake Pit
 42069 | Snake:1  | Reached XP level 16. HP: 71/88 MP: 30/36
 42249 | Snake:1  | Found a flickering gateway to a bazaar.
 42261 | Bazaar   | Entered a bazaar
 42263 | Bazaar   | Found Helicola's Magic Scroll Boutique.
 42267 | Bazaar   | Bought a scroll of blinking for 97 gold pieces
 42267 | Bazaar   | Bought a scroll of blinking for 97 gold pieces
 42267 | Bazaar   | Bought a scroll of teleportation for 39 gold pieces
 42267 | Bazaar   | Found Niwua's Jewellery Boutique.
 42267 | Bazaar   | Found Ymib's Magic Scroll Boutique.
 42267 | Bazaar   | Found Nielal's Antique Armour Boutique.
 42275 | Bazaar   | Bought a pair of runed boots for 225 gold pieces
 42275 | Bazaar   | Bought a heavily jewelled robe for 171 gold pieces
 42275 | Bazaar   | Identified the +1 robe of the Heron {rElec Str+3} (You
                  | bought it in a shop in a bazaar)
 42285 | Bazaar   | Bought a scroll of magic mapping for 105 gold pieces
 42285 | Bazaar   | Bought a scroll of fear for 56 gold pieces
 42285 | Bazaar   | Bought a scroll of fog for 56 gold pieces
 42285 | Bazaar   | Bought a scroll of magic mapping for 105 gold pieces
 42285 | Bazaar   | Bought a scroll of enchant weapon for 105 gold pieces
 42285 | Bazaar   | Bought a scroll of fog for 56 gold pieces
 42293 | Bazaar   | Bought a +6 ring of dexterity for 360 gold pieces
 42293 | Bazaar   | Bought the ring of the Shouting Gods {rElec rF+ Will- rCorr
                  | Int+6} for 584 gold pieces
 42293 | Bazaar   | Bought a ring of see invisible for 150 gold pieces
 44019 | Snake:2  | Reached skill level 15 in Spellcasting
 44324 | Snake:2  | Found a runed translucent door.
 44675 | Snake:2  | Found Usomorus's Magic Scroll Emporium.
 44679 | Snake:2  | Bought a scroll of enchant weapon for 135 gold pieces
 44679 | Snake:2  | Bought a scroll of summoning for 171 gold pieces
 45659 | Snake:3  | Reached skill level 10 in Conjurations
 45672 | Snake:3  | Reached skill level 10 in Stealth
 48395 | Snake:3  | Learned a level 3 spell: Ignite Poison
 48783 | Snake:3  | Reached skill level 1 in Fire Magic
 50172 | Snake:3  | Demolished by a naga warrior

Illustrated notes

Levels and vault maps discovered:
D:1:      lightli_arrival_lavapool, layout_rooms, serial_shops, shop
D:2:      layout_loops_corners, basic_altar
D:3:      layout_rooms, serial_shops, shop, shop, nicolae_shop_statue_plus,
          shop_statue, shop, st_stairs_5, grunt_ministairs_7, uniq_natasha
D:4:      layout_gridville, mainiacjoe_overflow_concentric_impassable,
          minmay_temple_entry_stoned_glass, enter_ossuary_4, serial_park_tiny_1,
          st_stairs_8
D:5:      layout_loops_ring, trog_book, serial_shops,
          nicolae_shop_window_shopping, uniq_sigmund, uniq_pikel
D:6:      layout_basic, kennysheep_mini_moat, nrook_pool_corridor,
          grunt_decor_mini_mirrors
D:7:      layout_layer_cave, gammafunk_ghost_stat_death,
          nicolae_nh_ransacked_shop
D:8:      layout_loops_ring, grunt_temple_overflow_growth_and_decay,
          kennysheep_generic_room_12
D:9:      layout_loops_cross, lemuel_coloured_pillars_altar, serial_glass,
          glass_columns_a, glass_columns_a, glass_columns_c, glass_columns_c,
          glass_columns_b, glass_columns_b
D:10:     layout_irregular_city, minmay_lair_entry_grove, serial_shops,
          nicolae_stop_n_shop_2, uniq_fannar
D:11:     layout_loops_cross, minmay_checkerbox
D:12:     layout_loops_ring, david_orc_1_choice, minmay_orc_keep
D:13:     layout_roguey, uniq_rupert
D:14:     layout_cave_pods, david_vaults_1, serial_column_ruins,
          column_ruins_hut_ruined, column_ruins_hut, column_ruins_grid_1,
          column_ruins_grid_1, column_ruins_open_medium,
          column_ruins_corridor_straight, nicolae_hepliaklqana_hazy_memory
D:15:     grunt_enter_depths_snipers, layout_rooms, nicolae_triple_integral,
          serial_shops, shop_fountains, trog_hazing_becter
Lair:1:   layout_big_grid, uniq_grum
Lair:2:   layout_gridlike, minmay_shoals_entry_beasts,
          portal_ice_cave_entry_pillars_2, serial_bayou_shore_b,
          lemuel_fruit_fields
Lair:3:   layout_loops_ring, nicolae_snake_entry_squirm
Lair:4:   pond_and_an_island_with_a_cottage, layout_small_grid,
          bobbens_ice_dragon_lair
Lair:5:   hellmonk_lair_end_abyssal_woods, layout_regular_city, slime_entry_1,
          serial_bayou_shore_b
Snake:1:  nicolae_snake_shooting_gallery, layout_rooms, serial_shops,
          bzr_entry_gold, nrook_guardian_serpent_ordinary
Snake:2:  cheibrodos_toxic_ritual, layout_misc_corridors, serial_shops,
          nicolae_shop_rolled_up
Snake:3:  layout_layer_cave, nicolae_snake_serpentine_bazaar, grunt_megastairs_2
Orc:1:    layout_caves
Orc:2:    st_orc_mages, layout_diamond_mine, nooodl_orcs_dogs, uniq_donald

Skill      XL: |  1  2  3  4  5  6  7  8  9 10 11 12 13 14 15 16 |
---------------+-------------------------------------------------+-----
Stealth        | 3 4 5 7 9 10 | 10.4
Dodging        | 3 4 6 8 9 |  9.4
Spellcasting   | 4 5 7 10 11 13 14 15 | 15.6
Ice Magic      | 5 6 7 9 10 11 12 13 | 13.0
Summonings     | 1 5 7 8 9 10 | 10.2
Short Blades   | 3 5 10 11 | 11.1
Conjurations   | 3 4 6 8 9 10 | 10.6
Poison Magic   | 3 4 6 7 8 |  8.4
Air Magic      | 3 5 7 9 |  9.1
Fighting       | 2 4 6 7 |  7.1
Hexes          | 5 8 9 |  9.8
Evocations     | 3 5 7 |  7.1
Fire Magic     | 2 |  2.1
Transmutations | |  0.1

Action                     |  1- 3 |  4- 6 |  7- 9 | 10-12 | 13-15 | 16-18 || total
---------------------------+-------+-------+-------+-------+-------+-------++-------
  Melee: Unarmed           |     8 |       |       |       |       |       ||     8
         Dagger            |    10 |     1 |       |       |    33 |       ||    44
         Whip              |       |   175 |   202 |    46 |     3 |       ||   426
         Punch             |       |     1 |     3 |     4 |       |       ||     8
         Rapier            |       |       |       |   268 |  1568 |   400 ||  2236
  Throw: Throwing net      |       |       |       |       |     2 |     2 ||     4
         Boomerang         |       |       |       |       |     4 |     4 ||     8
         Javelin           |       |       |       |       |     1 |     9 ||    10
   Cast: Freeze            |    40 |    57 |    10 |    17 |     4 |     2 ||   130
         Frozen Ramparts   |       |     3 |    34 |    22 |    85 |    40 ||   184
         Ozocubu's Armour  |       |       |    13 |    10 |    42 |    22 ||    87
         Summon Ice Beast  |       |       |       |    24 |    63 |    25 ||   112
         Call Canine Famil |       |       |       |    16 |    42 |     5 ||    63
         Call Imp          |       |       |       |     4 |    10 |     1 ||    15
         Mephitic Cloud    |       |       |       |     4 |    17 |     1 ||    22
         Ensorcelled Hiber |       |       |       |       |    18 |     4 ||    22
         Fulminant Prism   |       |       |       |       |     3 |     6 ||     9
         Summon Mana Viper |       |       |       |       |     3 |     3 ||     6
         Freezing Cloud    |       |       |       |       |     1 |    20 ||    21
         Swiftness         |       |       |       |       |       |     1 ||     1
 Invoke: Potion Petition   |       |     1 |       |       |     7 |     2 ||    10
  Evoke: Wand              |       |     6 |    24 |    13 |    21 |    25 ||    89
         Lightning rod     |       |       |       |       |    11 |     2 ||    13
         Tin of tremorston |       |       |       |       |     2 |       ||     2
    Use: Scroll            |       |    15 |     5 |    10 |    14 |    13 ||    57
         Potion            |       |       |     2 |     2 |     7 |    12 ||    23
   Stab: Sleeping          |       |     4 |     2 |     6 |    21 |     8 ||    41
         Paralysed         |       |       |     2 |     1 |     1 |       ||     4
         Distracted        |       |       |       |     5 |    19 |     5 ||    29
         Confused          |       |       |       |     2 |     9 |       ||    11
         Held in net/web   |       |       |       |       |     1 |       ||     1
 Armour: Robe              |    19 |    62 |    58 |    19 |       |       ||   158
         Leather armour    |       |       |       |   106 |   269 |   105 ||   480
  Dodge: Dodged            |    33 |   144 |   148 |   267 |  1191 |   321 ||  2104
